AoeStats
← 知耻而后勇喜笑颜开

Arabia

510372887Analyzed
1v1 RM · 1d ago on Sep 30, 2026· 17m 10s· 2 players
Game mode
Random Map
Map size
Tiny (2 player)
Population
200
Speed
Normal
Resources
Standard
Victory
Conquest
Starting age
Dark Age
Ending age
Imperial Age
RankedLock teamsTeams togetherTeam positionsShared explorationLock speedFull tech treeHidden civsTurbo modeCheats
Victory
Defeat
🇧🇷 Ethiopians · Brazil
1398
+17
1421
-17
artureliascoelho
6:01 Loom
8:48 Feudal Age
8:53 Man-at-Arms
17:20 Double-Bit Axe
17:36 Fletching
知耻而后勇喜笑颜开
2:58 Loom
10:12 Feudal Age
10:59 Feudal Age
11:28 Double-Bit Axe
12:31 Wheelbarrow
11:42 Town Watch
11:57 Horse Collar
13:32 Fletching
15:57 Padded Archer Armor
16:07 Town Watch
Connection lost

Rejoining the realm…

Still unreachable

The connection could not be restored.

Session expired

The server has moved on; the page needs a fresh start.